 Dungeon Crawl Stone Soup version 0.29.1-1-gd02db6906a (webtiles) character file.

Game seed: 14072817422791610339

34 Sabo the Magician (level 3, -7/17 HPs)
             Began as a Deep Elf Air Elementalist on Sept 20, 2022.
             Was a Follower of Hepliaklqana.
             Mangled by a gnoll
             ... wielding a +0 halberd
              (13 damage)
             ... on level 2 of the Dungeon.
             The game lasted 00:09:15 (1741 turns).

Sabo the Magician (Deep Elf Air Elementalist)       Turns: 1741, Time: 00:09:15

Health: -7/17      AC:  2    Str:  5    XL:     3   Next: 14%
Magic:  9/10       EV: 13    Int: 21    God:    Hepliaklqana [*.....]
Gold:   35         SH:  0    Dex: 21    Spells: 8/9 levels left

rFire   . . .      SeeInvis .   k - +0 club
rCold   . . .      Faith    .   (no shield)
rNeg    . . .      Spirit   .   a - +0 robe
rPois   .          Reflect  .   (no helmet)
rElec   .          Harm     .   (no cloak)
rCorr   .          Rampage  .   (no gloves)
Will    .....                   (no boots)
Stlth   +++.......              (no amulet)
HPRegen 0.05/turn               f - +6 ring of dexterity
MPRegen 0.12/turn               j - ring of flight

@: flying
A: reduced essence
a: Renounce Religion, Recall Ancestor, Ancestor Identity


You were on level 2 of the Dungeon.
You worshipped Hepliaklqana.
Hepliaklqana was aware of your devotion.
You visited 1 branch of the dungeon, and saw 2 of its levels.

You collected 35 gold pieces.

Inventory:

Hand Weapons
 k - a +0 club (weapon)
Missiles
 d - 4 datura-tipped darts
Armour
 a - a +0 robe (worn)
Jewellery
 f - a +6 ring of dexterity (left hand)
 j - a ring of flight (right hand)
Scrolls
 h - 3 scrolls of identify {unknown}
Potions
 b - 3 potions of magic
 c - a potion of brilliance {unknown}
 e - a potion of resistance {unknown}
 g - a potion of heal wounds {unknown}
 i - a potion of lignification {unknown}


   Skills:
 + Level 2.8 Dodging
 + Level 2.7 Stealth
 + Level 3.6 Spellcasting
 + Level 1.6 Conjurations
 + Level 3.4 Air Magic


You had 8 spell levels left.
You knew the following spells:

 Your Spells              Type           Power      Damage    Failure   Level
a - Shock                 Conj/Air       56%        1d6       4%          1

Your spell library contained the following spells:

 Spells                   Type           Power      Damage    Failure   Level
 Static Discharge         Conj/Air       14%        3-5/arc   7%          2
 Swiftness                Air            18%        N/A       9%          3
 Airstrike                Air            9%         2d(2-18)  30%         4


Dungeon Overview and Level Annotations

Branches:
Dungeon (2/15)

Altars:
Hepliaklqana

Shops:
D:1 *


Message History

Confirm with . or Enter, or press ? or * to list all spells.
Aiming: Shock (safe; 4% risk of failure)
Press: ? - help, Shift-Dir - straight line, f/p - gnoll
Aim: a gnoll, wielding a +0 halberd (moderately wounded, 75% to hit)
The zap misses the gnoll.
The zap hits the gnoll.
The gnoll is heavily wounded.
Casting: Shock (safe; 4% risk of failure)
Confirm with . or Enter, or press ? or * to list all spells.
Aiming: Shock (safe; 4% risk of failure)
Press: ? - help, Shift-Dir - straight line, f/p - gnoll
Aim: a gnoll, wielding a +0 halberd (moderately wounded, 75% to hit)
The zap hits the gnoll.
The gnoll is heavily wounded.
The zap hits the gnoll.
The gnoll is heavily wounded.
The gnoll closely misses you.
Casting: Shock (safe; 4% risk of failure)
Confirm with . or Enter, or press ? or * to list all spells.
Aiming: Shock (safe; 4% risk of failure)
Press: ? - help, Shift-Dir - straight line, f/p - gnoll
Aim: a gnoll, wielding a +0 halberd (heavily wounded, 75% to hit)
The zap hits the gnoll.
The gnoll is almost dead.
The zap hits the gnoll.
The gnoll is severely wounded.
The gnoll closely misses you. Magic courses through your body.
An endoplasm comes into view.
The gnoll closely misses you.
Casting: Shock (safe; 4% risk of failure)
Confirm with . or Enter, or press ? or * to list all spells.
Aiming: Shock (safe; 4% risk of failure)
Press: ? - help, Shift-Dir - straight line, f/p - gnoll
Aim: a gnoll, wielding a +0 halberd (almost dead, 75% to hit)
The zap misses the gnoll.
The zap hits the endoplasm.
The endoplasm is moderately wounded.
The endoplasm quivers.
The gnoll hits you from afar with a +0 halberd!
Ouch! That really hurt!
You die...

#.# #.# #.# #.#
##'#+## #.....#
#...<.######## .
#.......#...g###....
##..†...'.@.g').J...
#......#....####...
#......#....#
#......#....#
########....# #....#
######


You could see 2 gnolls and an endoplasm.

Vanquished Creatures
  A gnoll (D:2)
  A worm (D:2)
  A dart slug (D:1)
  An endoplasm (D:1)
  A giant cockroach (D:1)
  A goblin (D:2)
  A hobgoblin (D:1)
  2 quokkas
  2 ball pythons (D:1)
  3 bats (D:1)
  3 rats (D:1)
17 creatures vanquished.

Vanquished Creatures (collateral kills)
  An endoplasm (D:1)
  A hobgoblin (D:1)
  A bat (D:1)
3 creatures vanquished.

Grand Total: 20 creatures vanquished

Notes
Turn   | Place    | Note
-------+----------+-------------------------------------------
     0 | D:1      | Sabo the Deep Elf Air Elementalist began the quest for the
                  | Orb.
     0 | D:1      | Reached XP level 1. HP: 10/10 MP: 6/6
    93 | D:1      | Found a faded altar of an unknown god.
   110 | D:1      | Prayed at the altar of an unknown god.
   110 | D:1      | Became a worshipper of Hepliaklqana the Forgotten
   110 | D:1      | Reached * piety under Hepliaklqana
   599 | D:1      | Reached XP level 2. HP: 13/13 MP: 2/8
   975 | D:1      | Found Xiufeleh's General Store.
  1732 | D:2      | Reached XP level 3. HP: 6/17 MP: 5/10
  1741 | D:2      | Mangled by a gnoll

Illustrated notes

Levels and vault maps discovered:
D:1:      amcnicky_arrival_underground_garden, layout_loops_cross, serial_shops,
          nicolae_square_shop, chequers_ecumenical_altar_simple_redux
D:2:      layout_basic, uniq_robin, uniq_sigmund

Action                   || total
-------------------------++-------
Melee: Unarmed           ||     7
 Cast: Shock             ||    46
  Use: Potion            ||     1
Armor: Robe              ||     1
Dodge: Dodged            ||    11
